Map: Orbital Shipyard

Players

Javert - Winner!

  • Race: Zerg Zerg
  • League: Gold

NoMicroWin

  • Race: Protoss Protoss
  • League: Platinum

VOD

Have the link to the VOD?

Description

Time

  • Played on: Sept. 12, 2015, 12:17 a.m.
  • Length: 15:21
Show
View Real Time Build Order
Export as new Build Order

Javert Zerg - Winner!

Build Orders: Hatch First, Lurkers 

Get SALT Encoding   

  12  0:01  Drone  
  13  0:13  Overlord  
  13  0:19  Drone  
  14  0:32  Drone x2  
  16  0:38  Drone  
  17  0:55  Hatchery  
  16  1:03  Drone x2  
  18  1:13  Extractor  
  18  1:18  Extractor  
  16  1:21  Spawning Pool  
  16  1:24  Drone  
  17  1:32  Drone  
  18  1:40  Drone  
  18  1:42  Drone  
  20  1:57  Drone  
  20  2:08  Queen  
  20  2:09  Queen  
  20  2:13  Overlord  
  24  2:19  Drone  
  24  2:20  Metabolic Boost  
  25  2:31  Drone x4  
  29  2:39  Zergling x2  
  30  2:44  Zergling x4  
  32  2:53  Queen  
  32  2:56  Overlord  
  34  3:05  Drone x2  
  35  3:30  Zergling x8  
  35  3:31  Zergling x6  
  40  3:39  Overlord  
  40  3:40  Lair  
  40  3:58  Drone  
  40  3:59  Drone x6  
  46  4:06  Hatchery  
  45  4:10  Extractor  
  45  4:11  Drone x3  
  45  4:12  Evolution Chamber, Drone  
  47  4:30  Drone x2  
  47  4:31  Drone x4  
  48  4:45  Drone  
  48  4:46  Drone x3  
  48  4:48  Extractor  
  48  4:49  Extractor  
  48  4:50  Zerg Missile Weapons Level 1  
  49  4:55  Roach Warren, Drone x3  
  49  4:56  Hydralisk Den  
  49  4:59  Overlord x2  
  50  5:10  Extractor  
  50  5:13  Evolution Chamber  
  48  5:15  Extractor  
  48  5:19  Drone x3  
  48  5:20  Overlord x2  
  50  5:34  Glial Reconstitution  
  50  5:36  Roach x6  
  50  5:41  Drone  
  50  5:42  Drone x3  
  66  5:47  Muscular Augments  
  66  5:56  Overseer  
  66  5:59  Drone  
  66  6:00  Drone x6  
  66  6:04  Drone x3  
  75  6:08  Zerg Ground Armor Level 1  
  76  6:20  Drone x6  
  82  6:26  Hydralisk x4  
  90  6:35  Overseer  
  90  6:39  Overlord x2  
  90  6:42  Overseer  
  90  6:51  Spine Crawler  
  90  6:53  Spore Crawler  
  88  6:57  Spine Crawler  
  88  6:58  Overseer  
  88  7:00  Spine Crawler  
  86  7:01  Drone  
  86  7:02  Drone x2  
  86  7:04  Spine Crawler, Overseer  
  86  7:06  Overseer  
  88  7:10  Queen  
  88  7:13  Drone  
  88  7:14  Drone x13  
  104  7:16  Overlord  
  104  7:20  Zerg Missile Weapons Level 2  
  104  7:24  Overlord  
  104  7:25  Roach  
  104  7:29  Overlord  
  106  7:30  Overlord  
  106  7:32  Overlord  
  106  7:41  Roach  
  106  7:42  Roach x4  
  112  7:57  Overseer  
  106  7:59  Pneumatized Carapace  
  106  8:03  Overlord  
  106  8:13  Hydralisk  
  106  8:14  Hydralisk x9  
  106  8:17  Overlord  
  126  8:21  Zerg Ground Armor Level 2  
  126  8:36  Overseer  
  126  8:43  Roach x7  
  140  8:53  Burrow  
  140  8:55  Hatchery  
  139  8:56  Overlord x2  
  107  9:32  Hydralisk  
  107  9:33  Hydralisk x17  
  143  9:39  Lurker Den  
  143  9:40  Overlord x2  
  143  9:44  Infestation Pit  
  142  9:48  Drone x5  
  147  10:02  Overlord  
  147  10:03  Overlord  
  147  10:05  Overlord  
  147  10:11  Overlord x2  
  107  10:42  Roach x10  
  123  10:43  Roach x8  
  135  10:51  Spine Crawler  
  135  10:52  Drone x5  
  139  11:06  Lurker x2  
  139  11:07  Lurker x6  
  139  11:11  Roach x10  
  167  11:21  Hydralisk x5  
  159  11:59  Hydralisk  
  159  12:00  Hydralisk x11  
  179  12:11  Overlord x2  
  179  12:15  Overseer  
  179  12:46  Roach  
  179  12:47  Roach x9  
  179  12:50  Overseer x4  
  185  13:27  Hive  
  185  14:23  Drone x6  
  185  14:27  Extractor  
  185  14:28  Drone x3, Extractor  
  185  14:29  Drone x2, Spine Crawler x2  
  185  14:30  Overlord  
  185  14:31  Spine Crawler  
  185  15:06  Extractor  
  185  15:07  Hatchery  
  185  15:11  Extractor  
Show
View Real Time Build Order
Export as new Build Order

NoMicroWin Protoss 

Build Orders:  

Get SALT Encoding   

  12  0:00  Probe (Chrono Boost)  
  13  0:10  Probe (Chrono Boost)  
  14  0:18  Pylon  
  14  0:21  Probe (Chrono Boost)  
  15  0:36  Probe (Chrono Boost)  
  15  0:40  Gateway  
  16  0:46  Probe (Chrono Boost)  
  17  0:56  Probe (Chrono Boost)  
  17  0:57  Assimilator  
  18  1:06  Probe (Chrono Boost)  
  19  1:16  Probe (Chrono Boost)  
  20  1:26  Probe (Chrono Boost)  
  20  1:29  Cybernetics Core  
  21  1:36  Probe (Chrono Boost)  
  22  1:46  Probe (Chrono Boost)  
  23  1:56  Nexus  
  23  1:58  Pylon  
  23  2:05  Warp Gate  
  23  2:12  Pylon  
  23  2:15  Adept (Chrono Boost)  
  23  2:22  Assimilator  
  25  2:24  Probe  
  25  2:27  Pylon  
  25  2:36  Mothership Core  
  27  2:40  Adept (Chrono Boost)  
  29  2:57  Gateway  
  29  2:58  Probe  
  30  2:59  Gateway  
  30  3:03  Adept (Chrono Boost)  
  32  3:29  Probe  
  32  3:31  Probe  
  34  3:41  Probe x2  
  36  3:51  Probe  
  36  3:53  Probe  
  36  3:59  Pylon  
  36  4:01  Probe  
  34  4:05  Probe  
  36  4:11  Probe, Adept  
  36  4:12  Adept x2  
  43  4:17  Probe  
  43  4:21  Probe  
  45  4:27  Twilight Council, Forge  
  45  4:29  Probe  
  43  4:48  Probe  
  43  4:50  Probe  
  44  5:00  Pylon x2  
  44  5:01  Sentry  
  44  5:02  Sentry x2  
  50  5:08  Probe  
  50  5:10  Probe  
  50  5:13  Nexus  
  52  5:14  Pylon  
  52  5:18  Dark Shrine  
  52  5:19  Probe  
  52  5:22  Probe  
  52  5:23  Protoss Ground Weapons Level 1 (Chrono Boost)  
  52  5:27  Zealot  
  56  5:31  Probe  
  56  5:34  Probe  
  58  5:38  Adept x2  
  62  5:42  Photon Cannon  
  62  5:46  Pylon  
  62  5:53  Gateway  
  62  5:56  Gateway  
  62  5:59  Probe  
  62  6:00  Probe  
  64  6:07  Adept  
  66  6:11  Zealot  
  66  6:12  Zealot  
  66  6:13  Probe  
  66  6:14  Probe, Blink (Chrono Boost)  
  71  6:25  Probe  
  71  6:27  Probe x2  
  71  6:29  Stalker  
  76  6:35  Probe  
  76  6:39  Probe x2  
  79  6:45  Stalker x2  
  83  6:49  Assimilator  
  83  6:50  Pylon  
  83  6:51  Probe  
  84  6:55  Assimilator  
  84  6:57  Stalker  
  84  6:58  Stalker  
  84  7:00  Stalker, Probe  
  90  7:02  Probe  
  90  7:03  Probe  
  93  7:13  Probe  
  93  7:15  Probe  
  95  7:18  Assimilator  
  95  7:20  Assimilator  
  95  7:21  Probe  
  96  7:23  Probe  
  96  7:27  Probe, Dark Templar  
  100  7:30  Stalker x2  
  100  7:32  Zealot x2  
  100  7:33  Probe  
  107  7:42  Robotics Facility  
  107  7:53  Protoss Ground Weapons Level 2  
  107  7:56  Probe x2  
  109  7:59  Pylon  
  109  8:02  Pylon  
  109  8:08  Gateway  
  109  8:10  Gateway  
  109  8:12  Gateway  
  109  8:14  Pylon  
  109  8:15  Probe  
  109  8:18  Stalker x2  
  109  8:19  Stalker, Pylon  
  116  8:21  Pylon  
  116  8:22  Stalker x2  
  120  8:29  Observer (Chrono Boost)  
  121  8:42  Stalker x2  
  121  8:47  Probe x3  
  130  8:52  Nexus  
  130  9:08  Warp Prism (Chrono Boost)  
  121  9:30  Stalker  
  121  9:31  Stalker x4  
  124  9:35  Probe  
  124  9:36  Probe x2  
  129  9:47  Stalker x3  
  135  9:57  Probe, Robotics Bay  
  135  9:58  Probe x2  
  135  9:59  Pylon  
  138  10:00  Robotics Facility  
  138  10:02  Pylon  
  138  10:03  Probe  
  138  10:05  Stalker x2  
  138  10:06  Stalker x3  
  149  10:09  Pylon  
  149  10:11  Pylon x2  
  149  10:12  Sentry  
  149  10:13  Stalker x2  
  143  10:35  Mothership Core  
  135  10:41  Stalker x4  
  135  10:42  Stalker x4  
  141  10:49  Gateway  
  141  10:51  Gateway  
  141  10:53  Gateway  
  141  10:55  Gateway  
  141  11:12  Pylon  
  141  11:15  Photon Cannon  
  141  11:16  Pylon  
  141  11:17  Photon Cannon  
  140  11:19  Stalker x5  
  140  11:22  Zealot x2  
  140  11:23  Zealot  
  156  11:27  Probe x3  
  147  11:40  Pylon  
  147  11:44  Observer (Chrono Boost)  
  147  11:45  Pylon  
  109  11:48  Stalker, Observer (Chrono Boost)  
  109  11:49  Stalker x2  
  109  11:50  Stalker x2  
  109  11:52  Stalker  
  109  11:53  Stalker x2  
  121  11:59  Stalker x2  
  114  12:13  Stalker x3  
  114  12:14  Stalker x3  
  126  12:26  Disruptor (Chrono Boost)  
  130  12:32  Disruptor (Chrono Boost)  
  130  12:45  Stalker x3  
  136  12:56  Zealot x3  
  136  12:57  Zealot x2  
Tags
 
Add a new tag
Caveats
  • Supply blocks, unpowered buildings, or Contaminate may cause inaccurate times.
  • Supply counts are checked every 10 seconds.